 Dungeon Crawl Stone Soup version 0.25.1-2-g60ff931df9 (webtiles) character file.

Game seed: 5592973904005033057

3345 lepoulpe303 the Thaumaturge (level 9, -10/39 HPs)
             Began as a Spriggan Earth Elementalist on Nov 13, 2020.
             Was an Initiate of Dithmenos.
             Mangled by a two-headed ogre
             ... wielding a +0 giant club
              (20 damage)
             ... on level 8 of the Dungeon.
             The game lasted 00:35:41 (10945 turns).

lepoulpe303 the Thaumaturge (SpEE)                 Turns: 10945, Time: 00:35:41

Health: -10/39     AC:  2    Str:  4    XL:     9   Next: 72%
Magic:  16/22      EV: 23    Int: 20    God:    Dithmenos [......]
Gold:   376        SH:  7    Dex: 19    Spells: 7/25 levels left

rFire    . . .     SeeInvis +   a - +2 dagger (venom)
rCold    . . .     Gourm    .   k - +0 buckler
rNeg     . . .     Faith    .   v - +0 robe of the Desolation of Salt {Dex+3} (curse)
rPois    .         Spirit   .   (helmet restricted)
rElec    .         Reflect  .   f - scarf {+Inv}
rCorr    .         Harm     .   (gloves unavailable)
MR       +....                  (boots unavailable)
Stlth    ++++......             (no amulet)
HPRegen  0.13/turn              (no ring)
MPRegen  0.18/turn              (no ring)

@: very quick
A: very small, unfitting armour, see invisible, herbivore, speed 3, slow
metabolism 2
a: Renounce Religion, Evoke Invisibility


You were on level 8 of the Dungeon.
You worshipped Dithmenos.
Dithmenos was noncommittal.
You were not hungry.

You visited 2 branches of the dungeon, and saw 9 of its levels.

You collected 376 gold pieces.

Inventory:

Hand Weapons
 a - a +2 dagger of venom (weapon)
 b - a +1 dagger of holy wrath
 c - a +0 short sword
Missiles
 g - 55 poisoned darts
 l - a throwing net {=f}
 C - 5 datura-tipped darts
 Q - 126 stones (quivered)
Armour
 f - a scarf of invisibility (worn)
 k - a +0 buckler (worn)
 m - a +0 cloak
 v - the cursed +0 robe of the Desolation of Salt (worn) {Dex+3}
   (You found it on level 4 of the Dungeon)

   It affects your dexterity (+3).
   It has a curse placed upon it.
 x - a +0 robe
Jewellery
 R - an uncursed amulet of regeneration
Wands
 y - a wand of iceblast (4)
Scrolls
 h - 3 scrolls of enchant armour {unknown}
 i - 2 scrolls of identify
 n - a scroll of immolation {unknown}
 o - 2 scrolls of random uselessness {unknown}
 p - 2 scrolls of blinking {unknown}
 q - a scroll of vulnerability {unknown}
 r - 3 scrolls of enchant weapon {unknown}
 s - a scroll of fear {unknown}
 t - 2 scrolls of teleportation
 w - 5 scrolls of remove curse
 E - a scroll of magic mapping {unknown}
Potions
 d - 3 potions of brilliance {unknown}
 j - 2 potions of flight
 u - 2 potions of might {unknown}
 z - 3 potions of curing {unknown}
 A - a potion of berserk rage {unknown}
 B - 3 potions of heal wounds {unknown}
 D - a potion of stabbing {unknown}
Comestibles
 e - 6 rations


   Skills:
 + Level 4.7 Short Blades
 + Level 7.4 Dodging
 + Level 8.0 Stealth
 + Level 3.4 Shields
 + Level 8.5 Spellcasting
 * Level 2.4 Hexes
 - Level 1.3 Transmutations
 * Level 6.8 Earth Magic
 + Level 1.7 Invocations


You had 7 spell levels left.
You knew the following spells:

 Your Spells              Type           Power        Failure   Level  Hunger
a - Sandblast             Erth           #####.       1%          1    None
b - Confusing Touch       Hex            ###.....     12%         3    None
c - Petrify               Tmut/Erth      ###.....     21%         4    ###....
w - Passwall              Tmut/Erth      ###.....     3%          2    None
x - Stone Arrow           Conj/Erth      ###...       8%          3    None
z - Lee's Rapid Deconstr  Erth           #####.....   19%         5    #####..

Your spell library contained the following spells:

 Spells                   Type           Power        Failure   Level  Hunger
 Corona                   Hex            ###....      4%          1    None
 Ensorcelled Hibernation  Hex/Ice        ##....       10%         2    None
 Summon Small Mammal      Summ           #...         11%         1    None
 Tukima's Dance           Hex            ###.....     12%         3    None
 Call Imp                 Summ           #.......     16%         2    None
 Dazzling Flash           Conj/Hex       ##....       19%         3    None
 Summon Guardian Golem    Hex/Summ       ##......     19%         3    None
 Call Canine Familiar     Summ           #.......     32%         3    None
 Summon Ice Beast         Ice/Summ       #.......     71%         4    ###....
 Summon Lightning Spire   Summ/Air       #.......     71%         4    ###....


Dungeon Overview and Level Annotations

Branches:
Dungeon (8/15)             Temple (1/1) D:4
   Lair: D:8-11

Altars:
Ashenzari
Cheibriados
Dithmenos
Elyvilon
Fedhas
Hepliaklqana
Kikubaaqudgha
Makhleb
Nemelex Xobeh
Okawaru
Qazlal
Ru
Sif Muna
Trog
Uskayaw
Vehumet
Wu Jian
Xom
Yredelemnul
Zin
The Shining One

Shops:
D:4 :   D:6 %

Annotations:
D:7 Maggie
D:8 1 runed translucent door


Innate Abilities, Weirdness & Mutations

You are very small and have problems with some larger weapons.
You are too small for most types of armour.
You have supernaturally acute eyesight. (SInv)
You are a herbivore.
You cover ground extremely quickly.
You need to consume almost no food.


Message History

The two-headed ogre hits you with a +0 giant club.
You take 4 damage, and have 35/39 hp.
Aim: a two-headed ogre, wielding two +0 giant clubs (lightly wounded, very poisoned)
The blast of sand hits the two-headed ogre!
Q - 126 stones You now have 21/22 mp.
Aim: a two-headed ogre, wielding two +0 giant clubs (moderately wounded, very poisoned)
You now have 18/22 mp.
Aim: a two-headed ogre, wielding two +0 giant clubs (heavily wounded, poisoned)
The stone arrow hits the two-headed ogre!
You now have 16/22 mp.
You hit the two-headed ogre but do no damage.
The two-headed ogre looks even sicker.
You barely miss the two-headed ogre.
The two-headed ogre hits you with a +0 giant club!!
Ouch! That really hurt!
* * * LOW HITPOINT WARNING * * *
The two-headed ogre hits you with a +0 giant club!!
Ouch! That really hurt!
You die...

#................#.#...#.#
####.#.......#......#...... #
..................#.+...[...
###.................#.......#
##......#..........#.#...#.#
##.o...###..........# .....
.Y.....###..........#########
o..(.........................
................@........####..#
.........###.....O.)..<.......#
.######### #......O...<..######
.# #.........##### ##
##...##....## ##..###.#..# #...
#.##.####### ##.. #........>)#
##.##..........#


You could see 2 two-headed ogres.

Levels and vault maps discovered:
D:1:      minmay_arrival_split_and_join, layout_basic
D:2:      layout_basic, lemuel_crystal_altar,
          chequers_temple_overflow_minitemple, first_ration,
          minmay_misc_feat_ornament, lexackson_kobold_supper,
          uniq_crazy_yiuf_cottage
D:3:      layout_basic, evilmike_ruin_ashenzari, gammafunk_ghost_cemetery,
          chequers_ecumenical_altar_simple
D:4:      minmay_recursive_quarters, layout_basic, temple_statues, serial_shops,
          nicolae_shop_behind_doors
D:5:      layout_layer_cave, corexii_hall_statues_l
D:6:      layout_loops_ring, serial_shops, shop,
          nicolae_ru_great_annihilating_truth
D:7:      layout_loops_cross, chequers_temple_overflow_statue_of_worship,
          old_standard_altar, grunt_livestock, uniq_maggie
D:8:      layout_rooms, david_lair_shrubbed, chequers_guarded_unrand_ignorance
Temple:   nicolae_temple_figure_zero

Notes
Turn   | Place    | Note
-------+----------+-------------------------------------------
     0 | D:1      | lepoulpe303 the Spriggan Earth Elementalist began the quest
                  | for the Orb.
     0 | D:1      | Reached XP level 1. HP: 9/9 MP: 5/5
    31 | D:1      | Identified a +0 club
   242 | D:1      | Identified a +0 club
   293 | D:1      | Identified a +0 club
   554 | D:1      | Identified a +0 club
   558 | D:1      | Reached skill level 3 in Spellcasting
   558 | D:1      | Reached XP level 2. HP: 13/13 MP: 5/7
   562 | D:1      | Learned a level 2 spell: Passwall
   754 | D:2      | Reached skill level 3 in Earth Magic
   790 | D:2      | Identified a +0 club
   829 | D:2      | Reached XP level 3. HP: 16/16 MP: 4/8
   834 | D:2      | Learned a level 3 spell: Stone Arrow
   989 | D:2      | Identified a +0 club
   989 | D:2      | Identified a +0 dagger
   989 | D:2      | Identified a +0 dagger
  1140 | D:2      | Found a hazy altar of Hepliaklqana.
  1165 | D:2      | Identified a +0 club
  1165 | D:2      | Identified a +0 club
  1239 | D:2      | Reached XP level 4. HP: 21/21 MP: 10/10
  1245 | D:2      | Learned a level 4 spell: Petrify
  1278 | D:2      | Identified a +0 dagger
  1522 | D:2      | Identified a +0 whip
  1522 | D:2      | Identified a +0 whip
  1574 | D:2      | Reached skill level 1 in Short Blades
  1574 | D:2      | Reached skill level 4 in Stealth
  1574 | D:2      | Reached skill level 4 in Spellcasting
  1715 | D:2      | Found a shimmering blue altar of Sif Muna.
  1715 | D:2      | Found a stormy altar of Qazlal.
  1721 | D:2      | Found a glowing golden altar of the Shining One.
  1723 | D:2      | Found an ornate altar of the Wu Jian Council.
  1725 | D:2      | Found a basalt altar of Yredelemnul.
  1944 | D:2      | Reached XP level 5. HP: 20/24 MP: 12/12
  2207 | D:2      | Found a runed translucent door.
  2208 | D:2      | Identified a +2 quarterstaff of chaos
  2208 | D:2      | Identified a +0 cloak
  2208 | D:2      | Noticed Crazy Yiuf
  2336 | D:2      | Identified a +0 dagger
  2985 | D:2      | Killed Crazy Yiuf
  2985 | D:2      | Reached skill level 4 in Dodging
  2985 | D:2      | Reached skill level 1 in Shields
  3173 | D:3      | Identified a +0 club
  3230 | D:3      | Identified a +0 short sword
  3230 | D:3      | Identified an uncursed amulet of regeneration
  3232 | D:3      | Identified a cursed +0 dagger
  3328 | D:3      | Identified a +0 leather armour
  3358 | D:3      | Identified a +0 club
  3390 | D:3      | Identified a +0 flail
  3461 | D:3      | Identified a +0 hand axe
  3535 | D:3      | Found a runed translucent gate.
  3536 | D:3      | Found a runed translucent gate.
  3536 | D:3      | Found a runed translucent gate.
  3537 | D:3      | Noticed Dicemaster's ghost (amateur GnWr)
  3538 | D:3      | Noticed Elvorfindel's ghost (amateur GrSk)
  3570 | D:3      | Reached XP level 6. HP: 18/28 MP: 11/13
  3697 | D:3      | Identified a cursed -2 club
  3707 | D:3      | Identified a +0 flail
  3710 | D:3      | Identified a +0 short sword
  3888 | D:3      | Found a faded altar of an unknown god.
  4034 | D:3      | Reached skill level 4 in Earth Magic
  4036 | D:3      | Identified a +0 flail
  4036 | D:3      | Identified a +0 leather armour
  4038 | D:3      | Identified a +0 dagger
  4038 | D:3      | Identified a +0 robe
  4248 | D:3      | Found a shattered altar of Ashenzari.
  4273 | D:3      | Identified a +0 club
  4541 | D:3      | Killed Elvorfindel's ghost
  4541 | D:3      | Reached skill level 2 in Short Blades
  4541 | D:3      | Reached skill level 5 in Spellcasting
  4708 | D:3      | Killed Dicemaster's ghost
  4708 | D:3      | Reached skill level 5 in Stealth
  4708 | D:3      | Reached XP level 7. HP: 32/32 MP: 0/16
  4855 | D:3      | Identified a +0 buckler (You found it on level 1 of the
                  | Dungeon)
  4855 | D:3      | Identified 3 scrolls of identify
  4855 | D:3      | Identified 2 potions of flight
  4856 | D:3      | Identified 4 scrolls of remove curse
  4857 | D:3      | Identified 3 scrolls of teleportation
  4994 | D:4      | Reached skill level 5 in Dodging
  5139 | D:4      | Found a staircase to the Ecumenical Temple.
  5145 | Temple   | Entered the Ecumenical Temple
  5328 | D:4      | Identified a +2 dagger of venom
  5328 | D:4      | Identified a cursed +0 robe
  5330 | D:4      | Identified a +0 hand axe
  5331 | D:4      | Identified a +0 falchion
  5375 | D:4      | Got a twisted robe
  5386 | D:4      | Identified the cursed +0 robe of the Desolation of Salt
                  | {Dex+3} (You found it on level 4 of the Dungeon)
  5396 | D:4      | Identified a scarf of invisibility (You found it on level 4
                  | of the Dungeon)
  5630 | D:4      | Identified a +0 mace
  5636 | D:4      | Identified a +1 dagger of holy wrath
  5636 | D:4      | Identified a +0 ring mail
  5637 | D:4      | Identified a +0 hand axe
  5637 | D:4      | Identified a +0 ring mail
  5638 | D:4      | Identified a +0 dagger
  5638 | D:4      | Identified a +0 robe
  5638 | D:4      | Identified a +0 club
  5638 | D:4      | Identified a cursed +0 scale mail
  5737 | D:4      | Identified a +0 dagger
  5737 | D:4      | Identified a +0 robe
  5741 | D:4      | Identified a cursed -1 dagger
  5741 | D:4      | Identified a +0 robe
  5753 | D:4      | Identified a +0 mace of protection
  5756 | D:4      | Identified a +0 falchion
  5756 | D:4      | Identified a +0 robe
  5757 | D:4      | Reached skill level 2 in Shields
  5760 | D:4      | HP: 8/32 [orc wizard/magic dart (5)]
  5762 | D:4      | HP: 2/32 [orc wizard/magic dart (6)]
  6212 | D:4      | Reached skill level 6 in Spellcasting
  6458 | D:4      | Identified a +0 club
  6458 | D:4      | Identified a +4 war axe of freezing
  6458 | D:4      | Identified a +0 flail
  6458 | D:4      | Identified a +0 leather armour
  6458 | D:4      | Identified a +0 leather armour
  6460 | D:4      | Identified a +0 club
  6462 | D:4      | Identified a +0 club
  6462 | D:4      | Identified a +0 scale mail
  6705 | D:4      | Found Evuina's Book Shoppe.
  6822 | D:5      | Entered Level 5 of the Dungeon
  7113 | D:5      | Reached skill level 5 in Earth Magic
  7128 | D:5      | Learned a level 5 spell: Lee's Rapid Deconstruction
  7160 | D:5      | Identified a +0 flail
  7160 | D:5      | Identified a +0 leather armour
  7160 | D:5      | Identified a +0 leather armour
  7167 | D:5      | Identified a +0 dagger
  7167 | D:5      | Identified a +0 robe
  7167 | D:5      | Identified a +0 falchion
  7169 | D:5      | Reached XP level 8. HP: 36/36 MP: 18/18
  7170 | D:5      | Identified a cursed +0 war axe
  7382 | D:5      | Identified a +0 chain mail
  7440 | D:5      | Reached skill level 3 in Short Blades
  7440 | D:5      | Reached skill level 6 in Stealth
  8365 | D:6      | Found a sacrificial altar of Ru.
  8365 | D:6      | Identified a +0 dagger
  8365 | D:6      | Identified a +0 robe
  8369 | D:6      | Identified a +0 club
  8517 | D:6      | Reached skill level 6 in Dodging
  8632 | D:6      | Found Zuenkow's Food Boutique.
  8661 | D:6      | Reached skill level 7 in Spellcasting
  8968 | D:6      | Identified a +0 shortbow
  9257 | D:7      | Identified a +0 long sword
  9257 | D:7      | Identified +0 swamp dragon scales
  9257 | D:7      | Noticed Maggie
  9269 | D:7      | HP: 7/36 [Maggie/bolt of fire (29)]
  9539 | D:7      | Reached skill level 7 in Stealth
  9539 | D:7      | Reached skill level 6 in Earth Magic
  9619 | D:7      | Identified a +0 whip
  9619 | D:7      | Identified a cursed +0 leather armour
  9621 | D:7      | Identified a +0 short sword
  9621 | D:7      | Identified a +0 leather armour
  9632 | D:7      | Reached skill level 4 in Short Blades
  9752 | D:7      | Reached XP level 9. HP: 39/39 MP: 18/21
  9824 | D:7      | Identified a +0 falchion
  9824 | D:7      | Identified a +0 leather armour
  9829 | D:7      | Reached skill level 3 in Shields
  9831 | D:7      | Identified a +0 war axe
  9843 | D:7      | Identified a +0 whip
  9843 | D:7      | Identified a +0 mace
  9843 | D:7      | Identified a +0 ring mail
  9843 | D:7      | Identified a +0 flail
 10019 | D:7      | Found an ancient bone altar of Kikubaaqudgha.
 10080 | D:7      | Found a sacrificial altar of Ru.
 10081 | D:7      | Found a sparkling altar of Nemelex Xobeh.
 10081 | D:7      | Found a shadowy altar of Dithmenos.
 10082 | D:7      | Found a bloodstained altar of Trog.
 10089 | D:7      | Became a worshipper of Dithmenos the Shadowed
 10103 | D:7      | Reached skill level 8 in Spellcasting
 10200 | D:7      | Identified a +0 war axe
 10258 | D:8      | Identified a cursed -1 giant club
 10260 | D:8      | Found the +10 tower shield of Ignorance {rN+ Int-4}
 10269 | D:8      | Found a runed translucent door.
 10309 | D:8      | Reached skill level 7 in Dodging
 10312 | D:8      | Reached skill level 1 in Invocations
 10320 | D:8      | Learned a level 3 spell: Confusing Touch
 10543 | D:8      | Identified a +0 short sword
 10543 | D:8      | Identified a +0 scale mail
 10545 | D:8      | Identified a +0 short sword
 10546 | D:8      | Identified a +0 flail
 10547 | D:8      | Noticed an unseen horror
 10551 | D:8      | Identified a +0 flail
 10551 | D:8      | Identified a cursed +0 scale mail
 10559 | D:8      | Identified a +0 club
 10876 | D:8      | Killed an unseen horror
 10876 | D:8      | Reached skill level 8 in Stealth
 10876 | D:8      | Reached skill level 2 in Hexes
 10930 | D:8      | Identified a +0 giant club
 10930 | D:8      | Identified a +0 giant spiked club
 10930 | D:8      | Noticed a two-headed ogre
 10931 | D:8      | Identified a +0 giant club
 10931 | D:8      | Identified a +0 giant club
 10931 | D:8      | Noticed a two-headed ogre
 10945 | D:8      | Mangled by a two-headed ogre

Table legend:
 A = Turns spent in this place as a percentage of turns spent in the entire game.
 B = Non-inter-level travel turns spent in this place as a percentage of non-inter-level travel turns spent in the entire game.
 C = Inter-level travel turns spent in this place as a percentage of turns spent in this place.
 D = Turns resting spent in this place as a percentage of non-inter-level travel turns spent in this place.
 E = Turns spent auto-exploring this place as a percentage of non-inter-level travel turns spent in this place.
 F = Non-inter-level travel turns spent in this place divided by the number of levels of this place that you've seen.
                   A       B       C       D       E      F
               +-------+-------+-------+-------+-------+----------------------
         Total | 100.0 | 100.0 |   3.4 |  24.7 |  51.4 | 1174.3
       Dungeon |  98.6 |  98.6 |   3.4 |  25.1 |  51.2 | 1302.4
        Temple |   1.4 |   1.4 |   3.8 |   0.0 |  71.3 | 150.0
               +-------+-------+-------+-------+-------+----------------------

Table legend:
 A = Kills in this place as a percentage of kills in entire the game.
 B = Kills by you in this place as a percentage of kills by you in the entire game.
 C = Kills by friends in this place as a percentage of kills by friends in the entire game.
 D = Other kills in this place as a percentage of other kills in the entire game.
 E = Experience gained in this place as a percentage of experience gained in the entire game.
 F = Experience gained in this place divided by the number of levels of this place that you have seen.
                   A       B       C       D       E      F
               +-------+-------+-------+-------+-------+----------------------
         Total | 100.0 | 100.0 |   N/A |   N/A | 100.0 | 531.0
       Dungeon | 100.0 | 100.0 |   N/A |   N/A | 100.0 | 597.4
               +-------+-------+-------+-------+-------+----------------------

Skill      XL: |  1  2  3  4  5  6  7  8  9 |
---------------+----------------------------+-----
Spellcasting   | 3 4 5 6 7 8 |  8.5
Earth Magic    | 3 4 5 6 |  6.8
Short Blades   | 1 2 4 |  4.7
Stealth        | 4 5 7 8 |  8.0
Dodging        | 4 5 6 7 |  7.4
Shields        | 1 2 3 |  3.4
Invocations    | 1 |  1.7
Hexes          | 2 |  2.4
Transmutations | |  1.3

Action                   |  1- 3 |  4- 6 |  7- 9 || total
-------------------------+-------+-------+-------++-------
Melee: Dagger            |       |   219 |   270 ||   489
       Short sword       |       |    47 |    46 ||    93
Throw: Dart              |    12 |    87 |     7 ||   106
 Cast: Sandblast         |    36 |    51 |    99 ||   186
       Stone Arrow       |       |    10 |     4 ||    14
       Passwall          |       |       |     1 ||     1
  Use: Scroll            |       |       |     3 ||     3
 Stab: Sleeping          |       |     7 |    23 ||    30
       Paralysed         |       |       |     1 ||     1
       Distracted        |       |       |     1 ||     1
  Eat: Ration            |       |     1 |     4 ||     5
Armor: Robe              |       |    10 |    11 ||    21
Dodge: Dodged            |    14 |    89 |   248 ||   351
Block: Buckler           |       |       |    84 ||    84

Vanquished Creatures
  An unseen horror (D:8)
  The ghost of Dicemaster the Grasshopper, an amateur GnWr (D:3)
  A sky beast (D:6)
  A hornet zombie (D:8)
  2 ice beasts
  2 phantoms
  A black bear (D:7)
  An ogre (D:8)
  A centaur (D:6)
  The ghost of Elvorfindel the Charmwright, an amateur GrSk (D:3)
  3 bullfrogs
  9 killer bees (D:7)
  4 hounds
  A jelly (D:6)
  A centaur skeleton (D:8)
  6 orc priests
  Crazy Yiuf (D:2)
  2 bullfrog skeletons
  6 orc wizards
  4 iguanas
  6 worker ants
  A hound skeleton (D:4)
  2 howler monkey zombies
  3 gnolls (D:2)
  15 adders
  A shadow imp (D:6)
  3 oozes
  5 worms
  2 dart slugs (D:3)
  3 leopard geckos
  34 orcs
  A ball python (D:4)
  4 bats
  8 giant cockroaches
  5 goblins
  10 hobgoblins
  12 jackals
  6 quokkas
  8 frilled lizards
  12 kobolds
  A leopard gecko zombie (D:5)
  A quokka zombie (D:5)
  8 rats
  A plant (D:2)
201 creatures vanquished.

Vanquished Creatures (others)
  3 plants (D:2)
  4 withered plants (D:3)
7 creatures vanquished.

Grand Total: 208 creatures vanquished
